 Dungeon Sprint DCSS version 0.14-a0-2564-g94087c3 (webtiles) character file.

906 BluebellGnoll the Eclecticist (level 7, -10/36 HPs)
             Began as a Deep Elf Fire Elementalist on Feb 11, 2014.
             Was a High Priest of Sif Muna.
             Shot with an arrow by a centaur warrior (20 damage)
             ... in the Dungeon (Sprint IX: "|||||||||||||||||||||||||||||").
             The game lasted 00:08:15 (1558 turns).

BluebellGnoll the Eclecticist (DEFE)                Turns: 1558, Time: 00:08:16

HP -10/36        AC  6     Str  5      XL: 7   Next: 81%
MP   5/31        EV 13     Int 22      God: Sif Muna [*****.]
Gold 0           SH  0     Dex 18      Spells:  6 memorised, 18 levels left

rFire  . . .     SeeInvis .     u - +2 halberd (venom)
rCold  . . .     Clarity  .     a - +0 elf robe
rNeg   . . .     Conserve .     (no shield)
rPois  .         rCorr    .     (no helmet)
rElec  .         rRot     .     (no cloak)
SustAb . .       Spirit   .     p - +0 pair of orc gloves
rMut   .         Warding  .     q - +0 pair of boots
Saprov . . .     NoTele   +     (no amulet)
MR     .....                    o - +2 ring of protection
                                n - +3 ring of dexterity

@: not resistant to hostile enchantments, very stealthy
A: no striking features
a: Channel Energy, Forget Spell, Renounce Religion


You were in the Dungeon.
You worshipped Sif Muna.
Sif Muna was extremely pleased with you.
You were not hungry.

You visited 1 branch

Inventory:

Hand weapons
 s - a +2,+2 elven cutlass of draining
 u - a +2,+2 halberd of venom (weapon)
 w - a +2,+2 scimitar of flaming
Armour
 a - a +0 elven robe (worn)
 p - a +0 pair of orcish gloves (worn)
 q - a +0 pair of boots (worn)
Magical devices
 m - a wand of draining (7)
Comestibles
 c - a bread ration
Scrolls
 i - 2 scrolls of blinking
 k - 3 scrolls of remove curse
 l - 2 scrolls of amnesia
Jewellery
 n - a +3 ring of dexterity (left hand)
 o - a +2 ring of protection (right hand)
Potions
 d - a potion of invisibility
 e - 3 potions of heal wounds
 f - 3 potions of curing
 g - 4 potions of magic
 h - a potion of berserk rage
Books
 b - a book of Flames

   Spells                             Type                      Level
   *Flame Tongue                      Conjuration/Fire             1
   *Throw Flame                       Conjuration/Fire             2
   *Conjure Flame                     Conjuration/Fire             3
   *Inner Flame                       Hexes/Fire                   3
   *Sticky Flame                      Conjuration/Fire             4
   *Fireball                          Conjuration/Fire             5


   Skills:
 - Level 2.4 Dodging
 * Level 8.2 Stealth
 * Level 15.4 Spellcasting
 * Level 6.8 Conjurations
 - Level 8.6 Fire Magic
 * Level 4.0 Invocations


You had 18 spell levels left.
You knew the following spells:

 Your Spells              Type           Power        Failure   Level  Hunger
a - Flame Tongue          Conj/Fire      #####        1%          1    None
b - Conjure Flame         Conj/Fire      ######..     1%          3    None
c - Inner Flame           Hex/Fire       #####...     1%          3    None
d - Sticky Flame          Conj/Fire      ######..     1%          4    None
e - Throw Flame           Conj/Fire      ######       1%          2    None
f - Fireball              Conj/Fire      ######....   4%          5    #......


Dungeon Overview and Level Annotations

Branches:
Dungeon (1/1)

Altars:
Ashenzari
Cheibriados
Dithmenos
Elyvilon
Fedhas
Kikubaaqudgha
Makhleb
Nemelex Xobeh
Okawaru
Sif Muna
Trog
Vehumet
Xom
Yredelemnul
Zin
The Shining One


Message History

The fireball explodes!
The fireball engulfs the troll.
You kill the troll!
Your Stealth skill increases to level 8!
Your Spellcasting skill increases to level 15!
Your Invocations skill increases to level 4!
The fireball engulfs the centaur warrior.
The centaur warrior is heavily wounded.
The centaur warrior wields a bow.
The centaur warrior shoots an arrow.
The arrow hits you!
Casting: Fireball
Confirm with . or Enter, or press ? or * to list all spells.
Aiming: Fireball
Press: ? - help, Shift-Dir - straight line, f - centaur warrior
Aim: a centaur warrior, wielding a bow (heavily wounded)
The fireball explodes!
The fireball engulfs the centaur warrior.
The centaur warrior is severely wounded.
The centaur warrior shoots an arrow.
The arrow hits you!
Ouch! That really hurt!
You die... ▓▓▓▓▓▓▓▓▓▓▓▓▓▓▓▓▓▓▓▓▓▓▓▓▓▓▓▓▓▓▓▓▓ +.Tc...'....c%§.@[...|..'________ ▓▓▓▓▓▓▓▓▓▓▓▓▓▓▓▓▓▓▓▓▓▓▓▓▓▓▓▓▓▓▓▓▓

You could see a centaur warrior.

Vanquished Creatures
  A red wasp (shapeshifter) (D)
  A troll (D)
  A yak (D)
  An orc warrior (D)
  A hound (D)
  A scorpion (D)
  A worker ant (D)
  An adder (D)
  An adder skeleton (D)
  A hobgoblin (D)
  2 bats (D)
  2 giant geckos (D)
  A kobold (D)
  A kobold zombie (D)
  4 rats (D)
20 creatures vanquished.

Vanquished Creatures (others)
  A spatial maelstrom (D)
1 creature vanquished.

Grand Total: 21 creatures vanquished

Notes
Turn   | Place    | Note
--------------------------------------------------------------
     0 | D        | BluebellGnoll, the Deep Elf Fire Elementalist, began the quest for the Orb.
     0 | D        | Reached XP level 1. HP: 10/10 MP: 5/5
    17 | D        | Banished a spatial maelstrom
    22 | D        | Reached skill level 4 in Spellcasting
    26 | D        | Reached skill level 5 in Spellcasting
   420 | D        | Noticed a scorpion
   420 | D        | Noticed a worker ant
   427 | D        | Reached skill level 6 in Spellcasting
   427 | D        | Reached XP level 2. HP: 6/15 MP: 3/12
   690 | D        | Killed a worker ant
   690 | D        | Reached skill level 8 in Spellcasting
   690 | D        | Reached XP level 3. HP: 6/19 MP: 6/18
   691 | D        | Reached skill level 9 in Spellcasting
   701 | D        | Learned a level 3 spell: Conjure Flame
   926 | D        | Learned a level 3 spell: Inner Flame
   935 | D        | Killed a scorpion
   993 | D        | Found a shadowy altar of Dithmenos.
   993 | D        | Found a blossoming altar of Fedhas.
   993 | D        | Found a shadowy altar of Dithmenos.
   993 | D        | Found a deep blue altar of Sif Muna.
   993 | D        | Found a blossoming altar of Fedhas.
   993 | D        | Found a white marble altar of Elyvilon.
   993 | D        | Found a glowing silver altar of Zin.
   994 | D        | Found a basalt altar of Yredelemnul.
   995 | D        | Found a radiant altar of Vehumet.
   996 | D        | Found a sparkling altar of Nemelex Xobeh.
   997 | D        | Found a glowing golden altar of the Shining One.
   998 | D        | Found a burning altar of Makhleb.
   999 | D        | Found a shattered altar of Ashenzari.
  1001 | D        | Became a worshipper of Sif Muna the Loreminder
  1003 | D        | Found an iron altar of Okawaru.
  1004 | D        | Found a snail-covered altar of Cheibriados.
  1005 | D        | Found an ancient bone altar of Kikubaaqudgha.
  1006 | D        | Found a bloodstained altar of Trog.
  1007 | D        | Found a shimmering altar of Xom.
  1128 | D        | Noticed a hound
  1144 | D        | Reached XP level 4. HP: 24/24 MP: 18/22
  1157 | D        | Killed a hound
  1157 | D        | Reached skill level 10 in Spellcasting
  1231 | D        | Learned a level 4 spell: Sticky Flame
  1234 | D        | Learned a level 2 spell: Throw Flame
  1239 | D        | Noticed a troll
  1239 | D        | Noticed a centaur warrior
  1239 | D        | Noticed a troll
  1239 | D        | Noticed an orc warrior
  1239 | D        | Noticed a yak
  1239 | D        | Noticed a red wasp
  1240 | D        | Paralysed by a red wasp for 2 turns
  1242 | D        | Killed a red wasp
  1242 | D        | Acquired Sif Muna's first power
  1242 | D        | Acquired Sif Muna's second power
  1242 | D        | Acquired Sif Muna's third power
  1242 | D        | Reached skill level 13 in Spellcasting
  1242 | D        | Reached skill level 5 in Conjurations
  1242 | D        | Reached XP level 5. HP: 12/28 MP: 15/27
  1242 | D        | Reached XP level 6. HP: 13/32 MP: 16/29
  1277 | D        | HP: 1/32 [poisoned by a red wasp]
  1537 | D        | Learned a level 5 spell: Fireball
  1550 | D        | Killed a yak
  1550 | D        | Reached skill level 14 in Spellcasting
  1550 | D        | Reached XP level 7. HP: 36/36 MP: 23/31
  1555 | D        | Killed an orc warrior
  1557 | D        | Killed a troll
  1557 | D        | Reached skill level 15 in Spellcasting
  1558 | D        | Shot with an arrow by a centaur warrior

Action                   |  1- 3 |  4- 6 |  7- 9 || total
-------------------------+-------+-------+-------++-------
Melee: Unarmed           |    13 |       |       ||    13
       Club              |     1 |       |       ||     1
       Halberd           |    14 |     3 |     1 ||    18
 Cast: Flame Tongue      |    21 |     4 |     1 ||    26
       Conjure Flame     |     3 |     3 |       ||     6
       Sticky Flame      |       |     2 |     1 ||     3
       Fireball          |       |       |     3 ||     3
  Use: Potion            |     2 |     1 |       ||     3
 Stab: Sleeping          |     1 |       |       ||     1
